 Dungeon Crawl Stone Soup version 0.19.4-9-g45fd643 (webtiles) character file.

100531 Rrauwl the Tortoise (level 16, -2/159 HPs)
             Began as a Gargoyle Fighter on Feb 19, 2017.
             Was a High Priest of Okawaru.
             Slain by a jumping spider (9 damage)
             ... on level 3 of the Spider Nest.
             The game lasted 03:14:03 (25753 turns).

Rrauwl the Tortoise (Gargoyle Fighter)             Turns: 25753, Time: 03:14:03

Health: -2/159     AC: 32    Str: 33    XL:     16   Next: 28%
Magic:  23/23      EV: 13    Int: 11    God:    Okawaru [*****.]
Gold:   1141       SH:  4    Dex: 10    Spells: 1 memorised, 20 levels left

rFire  + . .     SeeInvis .     W - +7 great mace "Undeadhunter" {disrupt, rN+}
rCold  + . .     Gourm    .     h - +2 scale mail {rF+}
rNeg   + + .     Faith    .     (shield currently unavailable)
rPois  ∞         Spirit   .     z - +1 hat
rElec  +         Reflect  +     n - +1 cloak
rCorr  +         Harm     .     B - +0 pair of gloves
MR     ++...                    Q - +2 pair of boots of Courage {Regen+}
Stlth  ..........               v - +4 amulet of reflection
                                m - ring of protection from cold
                                j - ring of resist corrosion

@: berserking (expiring), very quick
A: big wings, camouflage 1, blink, high mp 1, magic resistance 1, negative
energy resistance 1, robust 1, screaming 1, electricity resistance, slow
regeneration 1, strong 2, unbreathing, petrification resistance, rot immunity,
AC +11
a: Fly, Blink, Heroism, Finesse, Renounce Religion


You were on level 3 of the Spider Nest.
You worshipped Okawaru.
Okawaru was extremely pleased with you.
You were not hungry.

You visited 5 branches of the dungeon, and saw 26 of its levels.
You also visited: Ice Cave.

You collected 2740 gold pieces.
You spent 1599 gold pieces at shops.

Inventory:

Hand Weapons
 p - the +5 flail of Iconoclasm {speed, rF+ Int+3 Dex+4}
   (You bought it in a shop on level 2 of the Orcish Mines)

   Attacks with this weapon are significantly faster.
   It affects your intelligence (+3).
   It affects your dexterity (+4).
   It protects you from fire.
 W - the +7 great mace "Undeadhunter" (weapon) {disrupt, rN+}
   (You found it in an ice cave)

   It protects you from negative energy.
Missiles
 a - 3 silver javelins
 e - 5 javelins of penetration
 u - 6 tomahawks of returning
 L - 4 poisoned javelins (quivered)
Armour
 h - a +2 scale mail of fire resistance (worn)
 n - a +1 cloak (worn)
 x - +2 steam dragon scales
 z - a +1 hat (worn)
 B - a +0 pair of gloves (worn)
 Q - the +2 pair of boots of Courage (worn) {Regen+}
   (You found it in an ice cave)

   It increases your rate of regeneration.
Jewellery
 j - a ring of resist corrosion (left hand)
 m - a ring of protection from cold (right hand)
 v - a +4 amulet of reflection (around neck)
Wands
 g - a wand of acid (11/15)
 r - a wand of digging (16/24)
 E - a wand of flame (13/48)
 M - a wand of disintegration (18/24)
 O - a wand of lightning (8/15)
Scrolls
 b - 5 scrolls of blinking
 i - 10 scrolls of identify
 k - 7 scrolls of remove curse
 s - 5 scrolls of fear
 w - a scroll of vulnerability
 y - 8 scrolls of teleportation
 C - a scroll of immolation
 D - 2 scrolls of amnesia
 R - a scroll of recharging
Potions
 c - 2 potions of haste
 d - 3 potions of might
 f - 3 potions of lignification
 t - 2 potions of ambrosia
 A - a potion of invisibility
 G - a potion of cancellation
Miscellaneous
 q - a crystal ball of energy
Comestibles
 l - 3 meat rations
 I - 10 beef jerkies


   Skills:
 - Level 10.0 Fighting
 + Level 14.2 Maces & Flails
 - Level 5.0 Throwing
 - Level 15.0 Armour
 - Level 6.2 Dodging
 - Level 8.1 Stealth
   Level 13.1 Shields
 - Level 3.1 Spellcasting
 - Level 3.0 Conjurations
 - Level 7.1 Invocations
 - Level 5.0 Evocations


You had 20 spell levels left.
You knew the following spells:

 Your Spells              Type           Power        Failure   Level  Hunger
a - Magic Dart            Conj           #...         14%         1    #......


Dungeon Overview and Level Annotations

Branches:
Dungeon (15/15)            Temple (1/1) D:4            Lair (5/6) D:11
 Shoals (0/4) Lair:3       Spider (3/4) Lair:2          Orc (2/2) D:11
    Elf (0/3) Orc:2        Vaults (0/5) D:14         Depths (0/5) D:15
  Slime: Lair:5-6

Altars:
Dithmenos
Fedhas
Nemelex Xobeh
Okawaru
Ru
Trog
Uskayaw
Yredelemnul
Zin
Beogh

Shops:
D:6 }   D:8 [   Orc:2 %(?(


Innate Abilities, Weirdness & Mutations

You are resistant to torment.
Your stone body is resilient. (AC +11)
You are immune to poison.
Your large and strong wings let you fly indefinitely.
You resist negative energy. (rN+)
You are resistant to electric shocks. (rElec)
You can survive without breathing.
You are immune to petrification.
You are immune to rotting.
Your skin changes colour to match your surroundings (Stealth+).
You can translocate small distances at will.
You have an increased reservoir of magic. (+10% MP)
You are resistant to hostile enchantments. (MR+)
You are robust. (+10% HP)
You occasionally shout uncontrollably at your foes.
You regenerate slowly when monsters are visible.
Your muscles are very strong. (Str +4)


Message History

The jumping spider closely misses you.
You closely miss the jumping spider.
The jumping spider is almost dead.
The jumping spider leaps!
The jumping spider pounces on you but does no damage.
The jumping spider bites you but does no damage.
The moth of wrath bites you!
* * * LOW HITPOINT WARNING * * *
You barely miss the moth of wrath. The jumping spider pounces on you.
* * * LOW HITPOINT WARNING * * *
You are caught in a web!
The jumping spider bites you!
* * * LOW HITPOINT WARNING * * *
The jumping spider leaps!
The jumping spider pounces on you but does no damage.
The jumping spider bites you but does no damage.
The moth of wrath barely misses you.
A redback comes into view.
You are too berserk!
You disentangle yourself.
The jumping spider pounces on you!
You die...

.. ##.........## .
#........### .
###.......###. .##
#...#....###>. #.#
##..###..##... #§#
#..# #####^.. #s#
#..# ##.... #y#
#..### #..... #@#
#....###..... #s##
#............
#†.###....##......
#§........####....
#...s.......###...
#............##..#
#†............#.##
#......s.........#
##...............††


You could see a wolf spider, a moth of wrath, 2 jumping spiders and a redback.

Vanquished Creatures
  Gastronok (D:10)
  Louise (Spider:2)
  An orc warlord (Orc:1)
  3 emperor scorpions
  A dire elephant (D:15)
  Snorg (D:11)
  Erolcha (D:13)
  An ogre mage (Orc:2)
  Fannar (Lair:1)
  4 hydras
  2 centaur warriors
  Erica (D:11)
  5 death yaks (Lair:4)
  An orc high priest (Orc:2)
  Urug (Lair:2)
  2 unseen horrors
  A deep troll (shapeshifter) (D:14)
  7 hill giants
  An orc knight (Orc:2)
  A wolf spider zombie (D:15)
  4 cyclopes
  5 orc sorcerers
  9 orb spiders
  A manticore (shapeshifter) (D:14)
  A manticore (D:15)
  3 deep elf magi
  2 moths of wrath (Spider:2)
  11 wolf spiders
  8 ugly things
  Maurice (D:10)
  2 ice statues (IceCv)
  A siren (Lair:3)
  5 elephants (Lair:2)
  Psyche (D:9)
  A black mamba (Lair:5)
  10 spiny frogs
  5 gargoyles
  2 torpor snails
  7 demonic crawlers
  A rime drake (Lair:1)
  4 komodo dragons
  A wind drake (shapeshifter) (D:14)
  7 trolls
  13 jumping spiders
  2 harpy skeletons (D:15)
  5 two-headed ogres
  A hornet (shapeshifter) (D:15)
  2 hornets
  5 slime creatures (D:14)
  8 hippogriffs
  4 dream sheep (Lair:3)
  46 redbacks
  A shadow (D:14)
  14 tarantellas
  7 wyverns
  2 wraiths
  28 yaks
  A fire elemental (D:12)
  2 hungry ghosts
  2 basilisks
  A soldier ant (D:13)
  A vampire mosquito (D:12)
  A mottled dragon (D:12)
  4 wargs
  10 porcupines
  8 water moccasins
  5 sky beasts
  11 ice beasts
  31 orc warriors
  3 eyes of draining
  A black bear (D:7)
  2 phantoms
  4 wolves
  6 necrophages
  3 boggarts (D:14)
  9 ogres
  12 centaurs
  13 crocodiles
  3 big kobolds
  23 bullfrogs
  A wyvern skeleton (D:12)
  5 scorpions
  4 killer bees (D:9)
  4 howler monkeys
  A wight (D:13)
  An electric eel (D:11)
  4 crimson imps
  A bullfrog zombie (D:7)
  2 lava snakes (D:12)
  4 centaur zombies
  A quasit (D:12)
  Crazy Yiuf (D:7)
  3 jellies
  29 orc priests
  A gnoll shaman (Orc:2)
  9 hounds
  36 orc wizards
  3 bullfrog skeletons
  4 centaur skeletons
  7 hell rats (Lair:4)
  5 iguanas
  11 worker ants
  2 hound zombies
  2 human simulacra (D:11)
  Robin (D:3)
  9 gnolls
  3 worker ant zombies
  A howler monkey skeleton (D:4)
  20 adders
  3 shadow imps
  3 oozes
  An adder skeleton (D:5)
  A worm (D:2)
  3 dart slugs
  9 leopard geckos
  75 orcs
  A ball python (D:4)
  12 bats
  3 giant cockroaches
  10 hobgoblins
  3 jackals
  21 kobolds
  9 quokkas
  8 frilled lizards
  17 goblins
  A jackal zombie (D:3)
  3 quokka skeletons
  13 rats
794 creatures vanquished.

Vanquished Creatures (collateral kills)
  An ice statue (IceCv)
1 creature vanquished.

Vanquished Creatures (others)
  The ghost of emsyzz the Thaumaturge, a journeyman DEFE of Vehumet (Lair:4)
  A centaur warrior (D:13)
  A centaur skeleton (D:14)
  A centaur (D:13)
  An orc wizard (Orc:2)
  An orc (D:14)
  2 kobolds (D:10)
  5 fungi
13 creatures vanquished.

Grand Total: 808 creatures vanquished

Notes
Turn   | Place    | Note
-------+----------+-------------------------------------------
     0 | D:1      | Rrauwl the Gargoyle Fighter began the quest for the Orb.
     0 | D:1      | Reached XP level 1. HP: 14/14 MP: 1/1
    96 | D:1      | Reached XP level 2. HP: 18/19 MP: 2/2
   501 | D:1      | Reached XP level 3. HP: 23/23 MP: 3/3
   820 | D:2      | Reached XP level 4. HP: 26/29 MP: 4/4
   849 | D:2      | Found a hide-covered altar of Uskayaw.
   949 | D:2      | Reached skill level 4 in Armour
   949 | D:2      | Reached skill level 1 in Dodging
  1410 | D:3      | Reached XP level 5. HP: 33/33 MP: 5/5
  1583 | D:3      | Noticed Robin
  1625 | D:3      | Killed Robin
  2349 | D:4      | Reached skill level 1 in Stealth
  2349 | D:4      | Reached XP level 6. HP: 39/39 MP: 6/6
  2451 | D:4      | Learned a level 1 spell: Magic Dart
  2519 | D:4      | Reached skill level 1 in Evocations
  2824 | D:4      | Found a staircase to the Ecumenical Temple.
  2830 | Temple   | Entered the Ecumenical Temple
  2868 | Temple   | Became a worshipper of Warmaster Okawaru
  2932 | D:5      | Entered Level 5 of the Dungeon
  3057 | D:5      | Reached XP level 7. HP: 44/44 MP: 8/8
  3202 | D:5      | Gained mutation: Armour fits poorly on your strangely shaped body. [mutagenic meat]
  3203 | D:5      | Gained mutation: Your body sometimes deteriorates upon taking damage. [mutagenic meat]
  3204 | D:5      | Gained mutation: Your body often deteriorates upon taking damage. [mutagenic meat]
  3219 | D:5      | Gained mutation: Your muscles are strong. (Str +2) [potion of mutation]
  3219 | D:5      | Gained mutation: You have a somewhat thin skeletal structure. (Dex +2, Stealth) [potion of mutation]
  3219 | D:5      | Lost mutation: Your body often deteriorates upon taking damage. [potion of mutation]
  3338 | D:5      | Reached skill level 5 in Shields
  3338 | D:5      | Reached skill level 1 in Spellcasting
  3366 | D:6      | Reached skill level 1 in Throwing
  3366 | D:6      | Reached skill level 1 in Conjurations
  3386 | D:6      | Reached * piety under Okawaru
  3386 | D:6      | Reached skill level 5 in Armour
  3386 | D:6      | Reached XP level 8. HP: 46/48 MP: 9/9
  3442 | D:6      | Reached skill level 5 in Fighting
  3461 | D:6      | Learned a level 1 spell: Magic Dart
  3517 | D:6      | Found Gydariok's Gadget Shop.
  3669 | D:6      | Reached skill level 1 in Invocations
  3675 | D:6      | Gained mutation: You can translocate small distances at will. [mutagenic meat]
  3676 | D:6      | Gained mutation: You regenerate slowly when monsters are visible. [mutagenic meat]
  3677 | D:6      | Gained mutation: Your muscles are very strong. (Str +4) [mutagenic meat]
  3678 | D:6      | Gained mutation: You evolve. [mutagenic meat]
  3680 | D:6      | Gained mutation: Your skin changes colour to match your surroundings (Stealth+). [mutagenic meat]
  3719 | D:6      | Gained mutation: You are robust. (+10% HP) [evolution]
  3881 | D:6      | Bought a wand of digging (6/24) for 280 gold pieces
  4181 | D:7      | Reached ** piety under Okawaru
  4333 | D:7      | Noticed a hippogriff
  4347 | D:7      | Killed a hippogriff
  4347 | D:7      | Reached XP level 9. HP: 45/59 MP: 10/12
  4458 | D:7      | Found a runed door.
  4462 | D:7      | Noticed Crazy Yiuf
  4470 | D:7      | Killed Crazy Yiuf
  4892 | D:7      | Found a bloodstained altar of Trog.
  4892 | D:7      | Found a shadowy altar of Dithmenos.
  4952 | D:8      | Gained mutation: You have sharp fingernails. [potion of mutation]
  5023 | D:8      | Reached *** piety under Okawaru
  5057 | D:8      | Received a gift from Okawaru
  5147 | D:8      | Reached skill level 5 in Stealth
  5202 | D:8      | Reached XP level 10. HP: 57/67 MP: 0/14
  5274 | D:8      | Reached skill level 6 in Armour
  5651 | D:8      | Found Ecrevech's Armour Boutique.
  5657 | D:8      | Noticed a deep elf mage
  5673 | D:8      | Killed a deep elf mage
  5673 | D:8      | Reached skill level 5 in Maces & Flails
  6093 | D:9      | Reached **** piety under Okawaru
  6421 | D:9      | Noticed Psyche
  6495 | D:9      | Killed Psyche
  6714 | D:9      | Gained mutation: You have a pair of small horns on your head. [evolution]
  6982 | D:10     | Entered Level 10 of the Dungeon
  7100 | D:10     | Noticed Maurice
  7119 | D:10     | Killed Maurice
  7119 | D:10     | Reached ***** piety under Okawaru
  7154 | D:10     | Noticed Gastronok
  7156 | D:10     | Reached XP level 11. HP: 71/73 MP: 15/15
  7197 | D:10     | Killed Gastronok
  7197 | D:10     | Reached skill level 7 in Armour
  7197 | D:10     | Reached skill level 5 in Invocations
  7309 | D:10     | Received a gift from Okawaru
  7891 | D:10     | Lost mutation: Your body sometimes deteriorates upon taking damage. [evolution]
  7921 | D:11     | Noticed Erica
  7943 | D:11     | Killed Erica
  8055 | D:11     | Received a gift from Okawaru
  8074 | D:11     | Got an opalescent robe {god gift}
  8092 | D:11     | Identified the +2 robe "Bues" {rF- Str+3 Dex+8} (Okawaru gifted it to you on level 11 of the Dungeon)
  8111 | D:11     | Found a staircase to the Lair.
  8347 | D:11     | Reached skill level 5 in Dodging
  8388 | D:11     | Noticed Snorg
  8410 | D:11     | Killed Snorg
  8622 | D:11     | Found a staircase to the Orcish Mines.
  8772 | D:11     | Reached skill level 5 in Evocations
  8980 | Lair:1   | Entered Level 1 of the Lair of Beasts
  9041 | Lair:1   | Reached XP level 12. HP: 80/80 MP: 16/16
  9046 | Lair:1   | Reached skill level 5 in Throwing
  9219 | Lair:1   | Noticed Fannar
  9290 | Lair:1   | Killed Fannar
  9366 | Lair:1   | Lost mutation: You evolve. [end of evolution]
 10062 | Lair:2   | Reached skill level 8 in Armour
 10199 | Lair:2   | Noticed Urug
 10222 | Lair:2   | Killed Urug
 10313 | Lair:2   | Found a hole to the Spider Nest.
 10376 | Lair:2   | Noticed a four-headed hydra
 10393 | Lair:2   | Killed a four-headed hydra
 10688 | Lair:2   | Gained mutation: You are very robust. (+20% HP) [potion of mutation]
 10688 | Lair:2   | Lost mutation: You are very robust. (+20% HP) [potion of mutation]
 10688 | Lair:2   | Gained mutation: Scrolls take you a little longer to read. [potion of mutation]
 11019 | Lair:2   | Received a gift from Okawaru
 11357 | Lair:3   | Reached XP level 13. HP: 84/88 MP: 18/18
 11742 | Lair:3   | Reached skill level 9 in Armour
 11746 | Lair:3   | Found a staircase to the Shoals.
 12205 | Lair:4   | Noticed emsyzz's ghost (journeyman DEFE)
 12226 | Lair:4   | Killed emsyzz's ghost
 13174 | Lair:4   | Reached skill level 10 in Fighting
 13545 | Lair:5   | Identified the Tome of Dislocated Cold
 14040 | Lair:5   | Reached skill level 10 in Shields
 14145 | Lair:5   | Reached skill level 10 in Armour
 14411 | Lair:5   | Received a gift from Okawaru
 14971 | Spider:1 | Entered Level 1 of the Spider Nest
 15060 | Lair:2   | Received a gift from Okawaru
 16302 | D:12     | Gained mutation: Your large and strong wings let you fly indefinitely. [Gargoyle growth]
 16302 | D:12     | Reached XP level 14. HP: 96/96 MP: 19/19
 16322 | D:12     | Reached skill level 10 in Maces & Flails
 16594 | D:12     | Received a gift from Okawaru
 16847 | D:12     | Lost mutation: You have a pair of small horns on your head. [potion of mutation]
 16848 | D:12     | Gained mutation: You have an increased reservoir of magic. (+10% MP) [potion of mutation]
 17129 | D:12     | Reached skill level 11 in Armour
 17441 | D:13     | Found a sacrificial altar of Ru.
 17441 | D:13     | Noticed Erolcha
 17454 | D:13     | Killed Erolcha
 18265 | D:13     | Lost mutation: You have a somewhat thin skeletal structure. (Dex +2, Stealth) [mutagenic meat]
 18333 | D:13     | Received a gift from Okawaru
 18345 | D:13     | Got a pair of distressingly furry boots {god gift}
 18356 | D:13     | Identified the +2 pair of boots "Nusis" {*Slow Dex+4} (Okawaru gifted it to you on level 13 of the Dungeon)
 18384 | D:13     | Found a basalt altar of Yredelemnul.
 19223 | D:14     | Found a gate to the Vaults.
 19423 | D:14     | Got a dazzling rapier
 19445 | D:14     | Reached skill level 12 in Armour
 19572 | D:14     | Gained mutation: You occasionally shout uncontrollably at your foes. [mutagenic meat]
 19574 | D:14     | Lost mutation: Scrolls take you a little longer to read. [mutagenic meat]
 19576 | D:14     | Lost mutation: Armour fits poorly on your strangely shaped body. [mutagenic meat]
 19830 | D:15     | Entered Level 15 of the Dungeon
 19994 | D:15     | Found a staircase to the Depths.
 19994 | D:15     | Noticed a dire elephant
 19998 | D:15     | Noticed an emperor scorpion
 20013 | D:15     | Killed a dire elephant
 20022 | D:15     | Killed an emperor scorpion
 20022 | D:15     | Reached XP level 15. HP: 91/101 MP: 16/22
 20787 | Orc:1    | Entered Level 1 of the Orcish Mines
 20787 | Orc:1    | Found a roughly hewn altar of Beogh.
 20912 | Orc:1    | Found a frozen archway.
 20944 | IceCv    | Entered an ice cave
 20975 | IceCv    | Got a pair of shimmering boots
 20986 | IceCv    | Identified the +2 pair of boots of Courage {Regen+} (You found it in an ice cave)
 21078 | IceCv    | Received a gift from Okawaru
 21213 | IceCv    | Gained mutation: You are resistant to hostile enchantments. (MR+) [mutagenic meat]
 21237 | IceCv    | Identified the cursed +2 rapier "Yplil" {pain, MP+9 Stlth+} (You found it on level 14 of the Dungeon)
 21421 | Orc:1    | You fall through a shaft!
 21421 | Orc:2    | Entered Level 2 of the Orcish Mines
 21497 | Orc:2    | Reached skill level 13 in Armour
 21616 | Orc:2    | Found a staircase to the Elven Halls.
 21793 | Orc:2    | Found a roughly hewn altar of Beogh.
 22264 | Orc:2    | Found Loavvis's Food Shop.
 22264 | Orc:2    | Found Luuhutto's Antique Weapon Shop.
 22267 | Orc:2    | Found Vatusku's Antique Weapon Boutique.
 22269 | Orc:2    | Found Otaesm's Magic Scroll Boutique.
 22272 | Orc:2    | Bought a scroll of random uselessness for 14 gold pieces
 22277 | Orc:2    | Bought a scroll of acquirement for 728 gold pieces
 22278 | Orc:2    | Got a crude shield
 22285 | Orc:2    | Identified the +5 shield of Light {rC- Dex+5 SInv} (You acquired it on level 2 of the Orcish Mines)
 22294 | Orc:2    | Bought an iridescent morningstar for 297 gold pieces
 22294 | Orc:2    | Identified the +9 morningstar of Valiance {antimagic, Fragile Str+4 Stlth+} (You bought it in a shop on level 2 of the Orcish Mines)
 22299 | Orc:2    | Bought a shimmering flail for 280 gold pieces
 22299 | Orc:2    | Identified the +5 flail of Iconoclasm {speed, rF+ Int+3 Dex+4} (You bought it in a shop on level 2 of the Orcish Mines)
 22961 | Orc:1    | Noticed an orc warlord
 22999 | Orc:1    | Killed an orc warlord
 23019 | Orc:1    | Received a gift from Okawaru
 23622 | Spider:1 | Got a polished scale mail
 23643 | Spider:1 | Identified the +1 scale mail of Pouhyax {+Inv} (You found it on level 1 of the Spider Nest)
 23697 | Spider:1 | Got a bloodstained chain mail
 23715 | Spider:1 | Identified the +1 chain mail of the Bruised Lies {rC+ MR- Str+4} (You found it on level 1 of the Spider Nest)
 23941 | Spider:1 | Reached skill level 14 in Armour
 24121 | Spider:2 | Got a bone battleaxe
 24122 | Spider:2 | Identified the +7 battleaxe "Spiderbane" {venom, Int-5 Dex+7} (You found it on level 2 of the Spider Nest)
 24243 | Spider:2 | Noticed an emperor scorpion
 24244 | Spider:2 | Noticed Louise
 24273 | Spider:2 | Killed Louise
 24277 | Spider:2 | Lost mutation: You have sharp fingernails. [potion of mutation]
 24296 | Spider:2 | Received a gift from Okawaru
 24337 | Spider:2 | Killed an emperor scorpion
 24410 | Spider:2 | Received a gift from Okawaru
 24587 | Spider:2 | Reached XP level 16. HP: 98/106 MP: 23/23
 25498 | Spider:3 | Reached skill level 15 in Armour
 25554 | Spider:3 | Received a gift from Okawaru
 25752 | Spider:3 | HP: 7/159 [jumping spider (9)]
 25753 | Spider:3 | Slain by a jumping spider

Skill      XL: |  1  2  3  4  5  6  7  8  9 10 11 12 13 14 15 16 |
---------------+-------------------------------------------------+-----
Shields        | 4 5 6 7 8 10 12 13 | 13.1
Armour         | 4 5 6 7 8 10 12 14 15 | 15.0
Dodging        | 1 2 3 4 5 6 |  6.2
Fighting       | 4 5 6 7 8 9 10 | 10.0
Stealth        | 1 2 3 5 6 7 8 |  8.1
Evocations     | 1 2 3 4 5 |  5.0
Maces & Flails | 3 4 5 6 8 9 11 13 14 | 14.2
Spellcasting   | 1 2 3 |  3.1
Throwing       | 1 2 3 4 5 |  5.0
Conjurations   | 1 2 3 |  3.0
Invocations    | 2 3 4 5 7 |  7.1

Action                   |  1- 3 |  4- 6 |  7- 9 | 10-12 | 13-15 | 16-18 || total
-------------------------+-------+-------+-------+-------+-------+-------++-------
Melee: Flail             |   165 |   282 |   425 |  1001 |  1434 |       ||  3307
       Headbutt          |       |       |       |   232 |   172 |       ||   404
       Great mace        |       |       |       |       |   458 |   168 ||   626
Throw: Javelin           |       |       |       |       |    38 |       ||    38
Invok: Heroism           |       |       |     1 |    12 |    21 |     5 ||    39
       Finesse           |       |       |       |     2 |    13 |     2 ||    17
 Abil: Fly               |       |       |       |       |     1 |       ||     1
       Stop Flying       |       |       |       |       |     1 |       ||     1
Evoke: Wand              |       |       |       |     1 |     6 |     2 ||     9
  Use: Scroll            |       |    11 |     4 |     4 |    13 |     1 ||    33
       Potion            |       |     3 |     7 |     8 |    17 |     1 ||    36
 Stab: Sleeping          |       |       |     9 |    24 |    13 |     2 ||    48
       Distracted        |       |       |     1 |       |     3 |       ||     4
       Invisible         |       |       |       |       |     8 |       ||     8
  Eat: Chunk             |       |     7 |    16 |    13 |    36 |       ||    72
       Fruit             |       |     1 |       |     8 |     3 |       ||    12
       Beef jerky        |       |       |     1 |       |     1 |       ||     2
       Bread ration      |       |       |       |     1 |     1 |     1 ||     3
       Meat ration       |       |       |       |       |     2 |       ||     2
       Pizza             |       |       |       |       |     1 |       ||     1
Armor: Scale mail        |   105 |    71 |       |   292 |   770 |   129 ||  1367
       Plate armour      |       |   116 |       |       |       |       ||   116
       Troll leather arm |       |    10 |   147 |    42 |       |       ||   199
Dodge: Dodged            |    62 |    74 |   112 |   268 |   722 |   123 ||  1361
Block: Shield            |    84 |   139 |   247 |   740 |   944 |       ||  2154
       Reflection        |       |       |     2 |    12 |    49 |       ||    63
       Other             |       |       |       |       |    81 |    26 ||   107
